 Dungeon Sprint DCSS version 0.19-b1-4-gd8a0a2a (webtiles) character file.

7796 LORDOFBUTT the Ninja (level 11, -1/49 HPs)
             Began as a Spriggan Assassin on Oct 31, 2016.
             Was the Champion of Dithmenos.
             Killed by divine providence
             ... invoked by a daeva
              (10 damage)
             ... in the Dungeon (Sprint I: "Red Sonja").
             The game lasted 00:02:30 (651 turns).

LORDOFBUTT the Ninja (Spriggan Assassin)             Turns: 651, Time: 00:02:31

Health: -1/49      AC:  3    Str:  7    XL:     11   Next: 1%
Magic:  12/12      EV: 17    Int: 13    God:    Dithmenos [******]
Gold:   702        SH:  0    Dex: 21    Spells: 0 memorised, 10 levels left

rFire  . . .     SeeInvis +     a - +2 dagger
rCold  . . .     Gourm    .     c - +0 robe
rNeg   . . .     Faith    .     (shield restricted)
rPois  .         Spirit   .     (helmet restricted)
rElec  .         Reflect  .     d - +0 cloak
rCorr  .         Harm     .     (gloves unavailable)
MR     +....     NoTele   +     (boots unavailable)
Stlth  +++++++++.               (no amulet)
                                (no ring)
                                (no ring)

@: very quick
A: unfitting armour, see invisible, herbivore 3, speed 3, slow metabolism 2
a: Shadow Step, Shadow Form, Renounce Religion


You were in the Dungeon.
You worshipped Dithmenos.
Dithmenos was exalted by your worship.
You were not hungry.

You visited 1 branch You collected 702 gold pieces.

Inventory:

Hand Weapons
 a - a +2 dagger (weapon)
 b - a +0 blowgun
Missiles
 e - 8 poisoned needles
 f - 2 curare-tipped needles
Armour
 c - a +0 robe (worn)
 d - a +0 cloak (worn)
Scrolls
 m - a scroll of blinking
 o - a scroll of immolation {unknown}
Potions
 h - a potion of curing
 i - a potion of heal wounds
 j - a potion of haste
 k - 2 potions of magic
 l - a potion of berserk rage
 n - a potion of invisibility {unknown}
 p - a potion of agility {unknown}
Comestibles
 g - a bread ration


   Skills:
 - Level 1.5 Fighting
 + Level 18.0 Short Blades
 - Level 2.0 Throwing
 - Level 1.5 Dodging
 O Level 27 Stealth


You had 10 spell levels left.
You didn't know any spells.

Dungeon Overview and Level Annotations

Branches:
Dungeon (1/1)

Altars:
Cheibriados
Dithmenos
Elyvilon
Fedhas
Gozag
Hepliaklqana
Kikubaaqudgha
Makhleb
Nemelex Xobeh
Okawaru
Qazlal
Ru
Sif Muna
Trog
Uskayaw
Vehumet
Xom
Yredelemnul
Zin
The Shining One
Jiyva
Lugonu

Shops:
D !


Innate Abilities, Weirdness & Mutations

You are very small and have problems with some larger weapons.
You are too small for most types of armour.
You have supernaturally acute eyesight. (SInv)
You are a herbivore.
You cover ground extremely quickly.
You need consume almost no food.


Message History

You see here 27 gold pieces.
You see here 27 gold pieces.
You see here 27 gold pieces.
Okay, then.
You now have 621 gold pieces (gained 27).
You see here 27 gold pieces.
You now have 648 gold pieces (gained 27).
The daeva calls down the wrath of the Shining One upon you.
The Shining One smites you!
You see here 27 gold pieces.
You now have 675 gold pieces (gained 27).
You see here 27 gold pieces.
You now have 702 gold pieces (gained 27).
The daeva calls down the wrath of the Shining One upon you.
The Shining One smites you!
* * * LOW HITPOINT WARNING * * *
You emit a cloud of dark smoke.
The daeva calls down the wrath of the Shining One upon you.
The Shining One smites you!
You die...

#§§§§§§§.§†§'..#^(+
#+#§####§§§..##§.'^^#
†§#§# ##†.§#######+#
..'.# ###§#:$$##
+#### #§##$$.# ..
#..###§# §.§ ##.#A#§#
#§9§ #..###§# ...#
#.##§§@# ..##
#..#§### ..# ##...#
###.# #.# #.# #+#


You could see a daeva.

Vanquished Creatures
  A hydra (D)
  5 unseen horrors (D)
  A lindwurm (D)
  4 demonic crawlers (D)
  2 kobold demonologists (D)
  A slime creature (D)
  A yak (D)
  Sigmund (D)
  13 hogs (D)
  2 floating eyes (D)
  An ogre (D)
  A jelly (D)
  Ijyb (D)
34 creatures vanquished.

Notes
Turn   | Place    | Note
-------+----------+-------------------------------------------
     0 | D        | LORDOFBUTT the Spriggan Assassin began the quest for the Orb.
     0 | D        | Reached XP level 1. HP: 10/10 MP: 2/2
     2 | D        | Noticed Ijyb
    20 | D        | Killed Ijyb
    20 | D        | Reached skill level 10 in Stealth
    20 | D        | Reached XP level 2. HP: 11/14 MP: 3/3
    72 | D        | Noticed an ogre
    75 | D        | Killed an ogre
    75 | D        | Reached skill level 14 in Stealth
    75 | D        | Reached XP level 3. HP: 18/18 MP: 4/4
    75 | D        | Reached XP level 4. HP: 22/22 MP: 5/5
    84 | D        | Noticed Sigmund
    87 | D        | Killed Sigmund
    87 | D        | Reached skill level 18 in Stealth
    87 | D        | Reached XP level 5. HP: 25/25 MP: 6/6
   204 | D        | Found a burning altar of Makhleb.
   204 | D        | Found a viscous altar of Jiyva.
   204 | D        | Found a shimmering altar of Xom.
   204 | D        | Found a corrupted altar of Lugonu.
   204 | D        | Noticed a slime creature
   207 | D        | Killed a slime creature
   207 | D        | Reached skill level 20 in Stealth
   207 | D        | Reached XP level 6. HP: 30/30 MP: 7/7
   210 | D        | Found a deep blue altar of Sif Muna.
   212 | D        | Found a radiant altar of Vehumet.
   245 | D        | Found Xemuv's Distillery.
   245 | D        | Found an ancient bone altar of Kikubaaqudgha.
   245 | D        | Found a hazy altar of Hepliaklqana.
   245 | D        | Found a stormy altar of Qazlal.
   245 | D        | Found a hide-covered altar of Uskayaw.
   245 | D        | Found a blossoming altar of Fedhas.
   245 | D        | Found a bloodstained altar of Trog.
   245 | D        | Found an iron altar of Okawaru.
   245 | D        | Found a basalt altar of Yredelemnul.
   245 | D        | Found a glowing golden altar of the Shining One.
   245 | D        | Found a snail-covered altar of Cheibriados.
   245 | D        | Found a sacrificial altar of Ru.
   245 | D        | Found a glowing silver altar of Zin.
   245 | D        | Found a shadowy altar of Dithmenos.
   245 | D        | Found a white marble altar of Elyvilon.
   245 | D        | Noticed a yak
   246 | D        | Found an opulent altar of Gozag.
   247 | D        | Killed a yak
   247 | D        | Reached skill level 21 in Stealth
   247 | D        | Reached XP level 7. HP: 33/33 MP: 8/8
   248 | D        | Found a sparkling altar of Nemelex Xobeh.
   260 | D        | Became a worshipper of Dithmenos the Shadowed
   301 | D        | Noticed a kobold demonologist
   302 | D        | Noticed a kobold demonologist
   304 | D        | Killed a kobold demonologist
   304 | D        | Reached skill level 23 in Stealth
   306 | D        | Killed a kobold demonologist
   306 | D        | Reached skill level 24 in Stealth
   306 | D        | Reached XP level 8. HP: 37/37 MP: 9/9
   311 | D        | Paralysed by a floating eye for 4 turns
   320 | D        | Paralysed by a floating eye for 4 turns
   327 | D        | Reached * piety under Dithmenos
   433 | D        | Noticed a demonic crawler
   433 | D        | Noticed a demonic crawler
   433 | D        | Noticed a demonic crawler
   433 | D        | Noticed a demonic crawler
   435 | D        | Killed a demonic crawler
   435 | D        | Reached skill level 25 in Stealth
   436 | D        | Killed a demonic crawler
   436 | D        | Reached skill level 26 in Stealth
   438 | D        | Killed a demonic crawler
   438 | D        | Reached ** piety under Dithmenos
   438 | D        | Reached XP level 9. HP: 41/41 MP: 10/10
   439 | D        | Killed a demonic crawler
   439 | D        | Reached skill level 27 in Stealth
   441 | D        | Noticed a gargoyle
   453 | D        | Noticed a lindwurm
   455 | D        | Killed a lindwurm
   455 | D        | Reached *** piety under Dithmenos
   469 | D        | Reached **** piety under Dithmenos
   469 | D        | Reached skill level 10 in Short Blades
   477 | D        | Reached ***** piety under Dithmenos
   477 | D        | Reached XP level 10. HP: 46/46 MP: 11/11
   486 | D        | Noticed a 12-headed hydra
   488 | D        | Killed a 12-headed hydra
   620 | D        | Noticed a daeva
   624 | D        | Noticed an unseen horror
   624 | D        | Noticed an unseen horror
   624 | D        | Noticed an unseen horror
   624 | D        | Noticed an unseen horror
   626 | D        | Killed an unseen horror
   626 | D        | Reached skill level 15 in Short Blades
   627 | D        | Noticed an unseen horror
   628 | D        | Killed an unseen horror
   629 | D        | Killed an unseen horror
   629 | D        | Reached ****** piety under Dithmenos
   631 | D        | Killed an unseen horror
   633 | D        | Killed an unseen horror
   633 | D        | Reached XP level 11. HP: 49/49 MP: 12/12
   651 | D        | Killed from afar by a daeva

Skill      XL: |  1  2  3  4  5  6  7  8  9 10 |
---------------+-------------------------------+-----
Stealth        | 10 14 18 20 21 24 26 27 | 27.0
Short Blades   | 12 18 | 18.0
Fighting       | |  1.5
Throwing       | |  2.0
Dodging        | |  1.5

Action                   |  1- 3 |  4- 6 |  7- 9 | 10-12 || total
-------------------------+-------+-------+-------+-------++-------
Melee: Dagger            |    17 |     4 |    29 |    11 ||    61
 Stab: Sleeping          |     2 |     4 |    16 |    11 ||    33
Armor: Robe              |     1 |       |       |       ||     1
Dodge: Dodged            |     9 |       |       |       ||     9
